 Dungeon Crawl Stone Soup version 0.29-a0-22-gbf593b16ee (webtiles) character file.

Game seed: 2487493200704134317

393 frimble the Cutter (level 6, -10/44 HPs)
             Began as a Demonspawn Warper on Jan 30, 2022.
             Killed by divine providence
             ... invoked by an orc priest
              (13 damage)
             ... on level 9 of the Dungeon.
             The game lasted 00:11:10 (5224 turns).

frimble the Cutter (Demonspawn Warper)              Turns: 5224, Time: 00:11:11

Health: -10/44     AC: 14    Str: 12    XL:     6   Next: 51%
Magic:  9/9        EV: 10    Int: 16    God:
Gold:   165        SH:  0    Dex: 12    Spells: 7/9 levels left

rFire   x . .      SeeInvis .   b - +2 shortbow (freeze)
rCold   + . .      Faith    .   (shield currently unavailable)
rNeg    . . .      Spirit   .   d - +0 ring mail
rPois   .          Reflect  .   (no helmet)
rElec   .          Harm     .   (no cloak)
rCorr   .          Rampage  .   (no gloves)
Will    +....                   (no boots)
Stlth   +.........              (no amulet)
HPRegen 0.14/turn               i - ring of ice
MPRegen 0.11/turn               f - ring of willpower

@: sanguine armoured, on berserk cooldown, slowed, studying Air Magic, very slow
A: foul stench 1, powered by death 1, sanguine armour 2
a: no special abilities


You were on level 9 of the Dungeon.
You visited 1 branch of the dungeon, and saw 7 of its levels.

You collected 165 gold pieces.

Inventory:

Hand Weapons
 a - a +0 short sword
 b - a +2 shortbow of freezing (weapon)
 g - a +0 hunting sling
Missiles
 j - 16 stones
 m - 27 arrows (quivered ammo)
Armour
 d - a +0 ring mail (worn)
Jewellery
 f - a ring of willpower (right hand)
 i - a ring of ice (left hand)
Scrolls
 c - a scroll of blinking
Potions
 h - a potion of brilliance
 k - a potion of berserk rage
 l - a potion of cancellation {unknown}


   Skills:
 - Level 2.0 Fighting
 + Level 6.4 Short Blades
 - Level 0.8 Throwing
 - Level 0.8 Armour
 - Level 1.7 Dodging
 - Level 2.0 Spellcasting
 - Level 2.6 Translocations


You had 7 spell levels left.
You knew the following spells:

 Your Spells              Type           Power      Damage    Failure   Level
a - Blink                 Tloc           20%        N/A       24%         2

Your spell library contained the following spells:

 Spells                   Type           Power      Damage    Failure   Level
 Gell's Gravitas          Tloc           10%        N/A       43%         3
 Lesser Beckoning         Tloc           10%        N/A       43%         3
 Teleport Other           Tloc           10%        N/A       43%         3
 Manifold Assault         Tloc           10%        N/A       99%         5


Dungeon Overview and Level Annotations

Branches:
Dungeon (6/15)
 Temple: D:4-7

Altars:
Cheibriados
Elyvilon
Qazlal

Shops:
D:2 (!

Annotations:
D:2 Sigmund


Innate Abilities, Weirdness & Mutations

You may rarely emit foul miasma when damaged in melee.
You regenerate a little health from kills.
When seriously injured, your blood forms thick armour. (AC +9)


Message History

The gnoll sergeant is attracted toward you.
The gnoll is attracted toward you.
The gnoll sergeant hits you from afar with a +1 trident of distortion.
Space warps around you.
* * * LOW HITPOINT WARNING * * *
The gnoll hits you with a +0 club.
* * * LOW HITPOINT WARNING * * *
The gnoll sergeant hits you from afar with a +1 trident of distortion.
* * * LOW HITPOINT WARNING * * *
Space warps around you.
* * * LOW HITPOINT WARNING * * *
The gnoll is attracted toward you.
Your surroundings suddenly seem different.
An orc priest and 2 orc wizards come into view.
The orc priest shouts!
The orc wizard shouts! x2
The orc wizard is attracted toward you. x2
The orc priest is attracted toward you.
Okay, then.
Blink to where?
Press: ? - help, Dir - move target
As you read the scroll of blinking, it crumbles to dust.
The orc wizard is attracted toward you.
Okay, then.
Blink to where?
Press: ? - help, Dir - move target
Found 2 scrolls of vulnerability and 24 gold pieces.
Found a stone staircase leading down and a stone staircase leading up.
As you read the scroll of blinking, it crumbles to dust.
The orc wizard is attracted toward you.
Okay, then.
Unknown command.
Okay, then.
Unknown command.
The orc wizard is attracted toward you. The orc priest is attracted toward you.
You feel less attractive to monsters.
There is a stone staircase leading up here.
The orc wizard hits you but does no damage.
The orc priest mumbles some strange prayers to Beogh against you.
Beogh smites you!
You die...

... #...........
..........##.##
#.......##.. ###
#......## .##...
#....$.###......
##...............
.............$..
#..............
..#......@.?.....
.....>...o.......
...........#.....
.....##.§.o..........
.... #..............
... ###.............
###...........§.§.
#.......##........
#....§..###§.o.§..


You could see an orc priest and an orc wizard.

Vanquished Creatures
  An ice beast (D:6)
  A necrophage (D:6)
  A centaur (D:9)
  A hound (D:4)
  An orc wizard (D:5)
  3 adders
  A white imp (D:6)
  2 dart slugs
  3 orcs
  5 ball pythons
  3 endoplasms
  2 giant cockroaches
  2 goblins (D:1)
  3 hobgoblins
  4 kobolds
  4 quokkas
  4 bats
  2 frilled lizards
  A rat (D:1)
  A spectral goblin (D:1)
45 creatures vanquished.

Vanquished Creatures (others)
  12 plants (D:1)
12 creatures vanquished.

Grand Total: 57 creatures vanquished

Notes
Turn   | Place    | Note
-------+----------+-------------------------------------------
     0 | D:1      | frimble the Demonspawn Warper began the quest for the Orb.
     0 | D:1      | Reached XP level 1. HP: 16/16 MP: 3/3
    16 | D:1      | Reached skill level 2 in Short Blades
    94 | D:1      | Found a faded altar of an unknown god.
   197 | D:1      | Gained mutation: You regenerate a little health from kills.
                  | [demonic ancestry]
   197 | D:1      | Reached XP level 2. HP: 22/22 MP: 5/5
   639 | D:1      | Reached skill level 3 in Short Blades
  1436 | D:2      | Learned a level 2 spell: Blink
  1924 | D:2      | Found Hoireuz's Distillery.
  1972 | D:2      | Gained mutation: You may rarely emit foul miasma when
                  | damaged in melee. [demonic ancestry]
  1972 | D:2      | Reached XP level 3. HP: 17/27 MP: 6/6
  2280 | D:2      | Found Zipy's Antique Weapon Shoppe.
  2550 | D:2      | Noticed Sigmund
  3610 | D:4      | Gained mutation: When seriously injured, your blood forms
                  | armour. (AC +9) [demonic ancestry]
  3610 | D:4      | Reached XP level 4. HP: 33/33 MP: 7/7
  3621 | D:4      | Reached skill level 4 in Short Blades
  3693 | D:4      | Noticed a black bear
  3788 | D:5      | Entered Level 5 of the Dungeon
  3996 | D:5      | Found a snail-covered altar of Cheibriados.
  4103 | D:5      | Noticed a phantom
  4284 | D:5      | Found a stormy altar of Qazlal.
  4421 | D:5      | Noticed an ogre
  4503 | D:6      | Noticed a necrophage
  4526 | D:6      | Killed a necrophage
  4527 | D:6      | Reached skill level 5 in Short Blades
  4527 | D:6      | Reached XP level 5. HP: 24/38 MP: 8/8
  4892 | D:6      | Noticed an ice beast
  4946 | D:6      | Killed an ice beast
  4947 | D:6      | Reached skill level 6 in Short Blades
  4947 | D:6      | Gained mutation: When seriously injured, your blood forms
                  | thick armour. (AC +9) [demonic ancestry]
  4947 | D:6      | Reached XP level 6. HP: 22/44 MP: 9/9
  5161 | D:6      | You fall into a shaft and drop 3 floors!
  5218 | D:9      | HP: 1/44 [gnoll sergeant (4)]
  5224 | D:9      | Killed from afar by an orc priest

Illustrated notes

Levels and vault maps discovered:
D:1:      noname_arrival_rooms_in_the_neighbourhood, layout_basic,
          dreamdust_ecumenical_altar_drowned_temple, serial_forest,
          infiniplex_forest_corner_1, infiniplex_forest_lined_2,
          infiniplex_forest_zigzag_1, infiniplex_forest_end_2,
          infiniplex_forest_3_way, infiniplex_forest_lined_2,
          infiniplex_forest_clump_diagonal, infiniplex_forest_straight_2,
          wad_woods_river_04, serial_bayou_pond_e, st_stairs_2
D:2:      layout_basic, serial_shops, shop, nicolae_shop_behind_doors,
          uniq_sigmund
D:3:      layout_basic
D:4:      layout_basic, serial_shops, kennysheep_mini, minmay_quadrilaterals
D:5:      layout_basic, mainiacjoe_overflow_small_starburst,
          gammafunk_temple_overflow_wave, chequers_serial_rivers_small_3
D:6:      layout_basic, nicolae_hepliaklqana_hippocampus,
          hangedman_abyss_or_decor_stagger
D:9:      layout_cave_pools, led_sif_pool, orc_0_dummy, enter_bailey_7,
          uniq_gastronok

Skill      XL: |  1  2  3  4  5 |
---------------+----------------+-----
Short Blades   | 2 3 5 6 |  6.4
Fighting       | |  2.0
Throwing       | |  0.8
Armour         | |  0.8
Dodging        | |  1.7
Spellcasting   | |  2.0
Translocations | |  2.6

Action                   |  1- 3 |  4- 6 || total
-------------------------+-------+-------++-------
Melee: Short sword       |   229 |    99 ||   328
       Punch             |     8 |       ||     8
 Fire: Hunting sling     |     6 |    17 ||    23
Throw: Boomerang         |     5 |       ||     5
 Cast: Blink             |     1 |     1 ||     2
  Use: Scroll            |     8 |     6 ||    14
       Potion            |     1 |     3 ||     4
Armor: Leather armour    |    30 |       ||    30
       Ring mail         |    12 |    41 ||    53
       Skin              |     9 |       ||     9
Dodge: Dodged            |   106 |    39 ||   145

Table legend: (Time is in decaauts)
 A = Elapsed time spent in this place.
 B = Non-inter-level travel time spent in this place.
 C = Inter-level travel time spent in this place.
 D = Time resting spent in this place.
 E = Time spent auto-exploring this place.
 F = Levels seen in this place.
 G = Mean time per level.
                   A        B        C        D        E       F      G
               +--------+--------+--------+--------+--------+-----+--------+
         Total |   5224 |   5009 |    215 |    968 |   2643 |   7 |  746.3 |
       Dungeon |   5224 |   5009 |    215 |    968 |   2643 |   7 |  746.3 |
               +--------+--------+--------+--------+--------+-----+--------+

Top non-repeatable levels by time:
     D:1: 1561 daAuts
     D:2: 1020 daAuts
     D:3: 992 daAuts
     D:5: 668 daAuts
     D:6: 652 daAuts
     D:4: 265 daAuts
     D:9: 63 daAuts
